[Event "*** Titled Tuesday Blitz"]
[Site "Chess.com"]
[Date "2020.11.03"]
[Round "10"]
[White "Meri-Arabidze"]
[Black "Susal_De_Silva"]
[Result "0-1"]
[WhiteElo "2641"]
[BlackElo "2533"]
[TimeControl "180+1"]
[EndTime "11:58:19 PST"]
[Termination "Susal_De_Silva won by resignation"]

1. Nf3 Nf6 2. b3 e6 3. Bb2 b6 4.
e3 Bb7 5. c4 d5 6. Be2 Be7 7. O-O O-O 8. d3 c5 9. Nbd2 Nc6 10.
Rc1 d4 11. exd4 cxd4 12. a3 a5 13. Re1 e5 14. Bf1 Nd7 15. g3 f5 16. Bg2 Bf6 17.
b4 axb4 18. axb4 Nxb4 19. Qb3 Na6 20. c5+ Kh8 21. c6 Nac5 22. Qd5 Bxc6 23. Qxc6 Nxd3 24. Nxe5 N7xe5 25. Qxa8 Qxa8 26. Bxa8 Nxc1 27. Bxd4 Ned3 28. Rxc1 Nxc1 29. Bxf6 Rxf6 30. Kg2 b5 31. Bd5 Rd6 0-1

[Event "*** Titled Tuesday Blitz"]
[Site "Chess.com"]
[Date "2020.11.03"]
[Round "10"]
[White "Klavdia_Nik"]
[Black "lefonghua"]
[Result "0-1"]
[WhiteElo "2106"]
[BlackElo "2332"]
[TimeControl "180+1"]
[EndTime "11:58:22 PST"]
[Termination "lefonghua won by resignation"]

1. Nf3 Nf6 2. c4 g6 3. b3 Bg7 4. Bb2 O-O 5. g3 d6 6. d4 c5 7. d5 e6 8. dxe6 Bxe6 9. Bg2 d5 10. cxd5 Nxd5 11. Bxg7 Kxg7 12. e4 Nb4 13. Na3 Qa5 14.
Nc4 Bxc4 15. bxc4 Nc2+ 16. Ke2 Nxa1 17. Qxa1+ Kg8 18. Ne5 h5 19. Bf3 Rd8 20. Kf1 Nc6 21. Nxc6 bxc6 22. Kg2 Rd4 23. e5 Qc7 24. Re1 Re8 25.
e6 Rxe6 26. Rxe6 fxe6 27. Qb1 Kg7 28. Qc2 e5 29. h4 Qf7 30. Be4 Qxc4 0-1

[Event "*** Titled Tuesday Blitz"]
[Site "Chess.com"]
[Date "2020.11.03"]
[Round "10"]
[White "AlexeiShirov"]
[Black "ArjunErigaisi2003"]
[Result "1/2-1/2"]
[WhiteElo "2808"]
[BlackElo "2972"]
[TimeControl "180+1"]
[EndTime "11:58:24 PST"]
[Termination "Game drawn by repetition"]

1. e4 c6 2. d4 d5 3. e5 Bf5 4. Nf3 e6 5. Be2 c5 6. Be3 cxd4 7. Nxd4 Ne7 8. O-O Nbc6 9. Bb5 Bg6 10. c4 a6 11. Bxc6+ Nxc6 12. Nc3 dxc4 13. Nxc6 Qxd1 14. Rfxd1 bxc6 15. Rac1 Rb8 16. Na4 Bd3 17. Nb6 c5 18. Nxc4 Bxc4 19. Rxc4 Rxb2 20. a4 Rb4 21. Rdc1 Rxc4 22.
Rxc4 Kd7 23. Bxc5 Bxc5 24. Rxc5 Rc8 25. Rxc8 Kxc8 26. Kf1 Kc7 27. Ke2 Kb6 28. Kd3 Ka5 29. Kc4 Kxa4 30. f4 a5 31. g4 g6 32. g5 Ka3 33. Kc3 Ka2 34. Kc2 Ka3 35. Kc3 a4 36. h3 Ka2 37. Kc2 Ka1 38. Kc1 a3 39. Kc2 Ka2 40.
h4 Ka1 41. Kc1 Ka2 42. Kc2 Ka1 43. Kc1 Ka2 44. Kc2 1/2-1/2

[Event "*** Titled Tuesday Blitz"]
[Site "Chess.com"]
[Date "2020.11.03"]
[Round "10"]
[White "Sofiia_Hryzlova"]
[Black "xberli"]
[Result "0-1"]
[WhiteElo "2324"]
[BlackElo "2541"]
[TimeControl "180+1"]
[EndTime "11:58:24 PST"]
[Termination "xberli won by resignation"]

1. c4 Nf6 2. Nc3 g6 3. e4 e5 4.
g3 Bg7 5. Bg2 O-O 6. Nge2 a6 7.
a4 c5 8. O-O Nc6 9. d3 Ne8 10.
Nd5 Rb8 11. Bd2 d6 12. b4 Nc7 13. b5 Nxd5 14. exd5 Nd4 15. Nxd4 exd4 16. f4 Bf5 17. Qf3 Qd7 18. Rae1 Ra8 19. Ra1 Rfe8 20. b6 Bg4 21.
Qf2 Re2 22. a5 Rxf2 23. Kxf2 Bf5 24. Be4 Bxe4 25. dxe4 Qh3 26. Kg1 Re8 27. Rfe1 d3 28.
Ra3 Bd4+ 29. Be3 Rxe4 30. Rxd3 Bxe3+ 31. Rdxe3 Rxe3 32. Rxe3 Kf8 33. Rf3 Qf5 34. Kg2 Qc2+ 35. Kh3 Qxc4 36. g4 Qxd5 0-1

[Event "*** Titled Tuesday Blitz"]
[Site "Chess.com"]
[Date "2020.11.03"]
[Round "10"]
[White "esskeettit"]
[Black "indfraeng"]
[Result "1-0"]
[WhiteElo "2451"]
[BlackElo "2351"]
[TimeControl "180+1"]
[EndTime "11:58:24 PST"]
[Termination "esskeettit won by resignation"]

1. d4 d5 2. c4 c6 3. Nc3 Nf6 4. e3 e6 5. Bd3 Nbd7 6. Nf3 dxc4 7. Bxc4 b5 8. Bd3 Bd6 9. O-O O-O 10. Qe2 Bb7 11. Rd1 Qe7 12. e4 e5 13. Bg5 exd4 14. Nxd4 Qe5 15. Nf3 Qe6 16. Bc2 Rfe8 17. Bb3 Qe7 18. Qd2 Bc7 19. a3 Rad8 20. Qc2 a6 21.
Re1 Ne5 22. Nh4 Nd3 23. Re3 Nc5 24. Nf5 Qf8 25. Nh6+ Kh8 26. Nxf7+ Kg8 27. Nxd8+ Nxb3 28. Qxb3+ Kh8 29. Nf7+ Kg8 30. Nd6+ Kh8 31. Nxe8 Qxe8 1-0

[Event "*** Titled Tuesday Blitz"]
[Site "Chess.com"]
[Date "2020.11.03"]
[Round "10"]
[White "MashaFromRussia"]
[Black "andriipalchuk"]
[Result "1-0"]
[WhiteElo "2372"]
[BlackElo "2440"]
[TimeControl "180+1"]
[EndTime "11:58:27 PST"]
[Termination "MashaFromRussia won by resignation"]

1. d4 Nf6 2. c4 e6 3. g3 d5 4. Nf3 Be7 5. Bg2 O-O 6. O-O dxc4 7.
Ne5 Nc6 8. Nxc6 bxc6 9. e3 Ba6 10.
Nc3 Rb8 11. Bxc6 Rb6 12. Bg2 Qd7 13. Qc2 Nd5 14. Nxd5 exd5 15. Rd1 h5 16. h4 Rg6 17. e4 Bb7 18. e5 Bc8 19. Bf4 Qg4 20. f3 Qe6 21. b3 cxb3 22. axb3 c5 23. dxc5 a6 24. b4 f6 25. Qxg6 Qc6 26. Bh6 Rf7 27. f4 Be6 28. f5 Bxf5 29. Qxf5 fxe5 1-0

[Event "*** Titled Tuesday Blitz"]
[Site "Chess.com"]
[Date "2020.11.03"]
[Round "10"]
[White "Vanina1989"]
[Black "Tashik"]
[Result "1-0"]
[WhiteElo "2627"]
[BlackElo "2492"]
[TimeControl "180+1"]
[EndTime "11:58:29 PST"]
[Termination "Vanina1989 won by resignation"]

1. d4 Nf6 2. c4 c5 3. d5 b5 4. a4 bxc4 5. Nc3 d6 6. e4 g6 7. Bxc4 Bg7 8. Nf3 O-O 9. O-O Nbd7 10. Qe2 Nb6 11. Bb5 a5 12. h3 Bd7 13. Bg5 Bxb5 14. Nxb5 Nfd7 15. Ra2 h6 16. Bh4 g5 17.
Bg3 c4 18. Nfd4 Nc5 19. Nc6 Qd7 20. f4 f5 21. Bf2 Nbxa4 22. fxg5 Rae8 23. gxh6 Bxh6 24.
e5 dxe5 25. Qxc4 Ne4 26. Rxa4 Nxf2 27. Kxf2 e6 28. d6 Bg5 29. Kg1 Rc8 30. Nba7 Be3+ 31. Kh1 Bxa7 32. Ne7+ Kg7 33. Qh4 Be3 34. Qg3+ Kh7 35.
Qg6+ Kh8 36. Rh4+ 1-0

[Event "*** Titled Tuesday Blitz"]
[Site "Chess.com"]
[Date "2020.11.03"]
[Round "10"]
[White "FMJoseHerrera"]
[Black "Region_07"]
[Result "1-0"]
[WhiteElo "2581"]
[BlackElo "2453"]
[TimeControl "180+1"]
[EndTime "11:58:32 PST"]
[Termination "FMJoseHerrera won on time"]

1. e4 Nc6 2. Nf3 d6 3. d4 g6 4. c3 Bg7 5. h4 h5 6. Ng5 Nh6 7. Be2 e6 8. O-O O-O 9. f4 e5 10.
f5 exd4 11. fxg6 fxg6 12. Bf4 Ng4 13. Bc4+ Kh8 14. Bf7 dxc3 15. Nxc3 Bd4+ 16. Kh1 Kg7 17. Be6 Rf6 18. Bxc8 Rxc8 19. Nd5 Qd7 20. Nxf6 Bxf6 21.
Qd5 Re8 22. Rae1 Nge5 23. Bc1 Qg4 24. Rf4 Qg3 25. Ref1 Ng4 26. Qf7+ 1-0

[Event "*** Titled Tuesday Blitz"]
[Site "Chess.com"]
[Date "2020.11.03"]
[Round "10"]
[White "lelya96"]
[Black "beautroll"]
[Result "0-1"]
[WhiteElo "2201"]
[BlackElo "2333"]
[TimeControl "180+1"]
[EndTime "11:58:32 PST"]
[Termination "beautroll won by checkmate"]

1. e4 c5 2. Nf3 d6 3. d4 cxd4 4. Nxd4 Nf6 5. Nc3 a6 6. Be2 e6 7. O-O Qc7 8. f4 Nc6 9. Be3 Be7 10. Kh1 O-O 11. Qe1 Nxd4 12. Bxd4 b5 13. a3 Bb7 14. Qg3 Rfd8 15. Rae1 Rac8 16. Bf3 Kh8 17. Re2 Rg8 18. Rfe1 Nd7 19. Qh3 e5 20. Be3 exf4 21. Bxf4 Bf6 22. Bg4 Rcd8 23. Rd1 Be5 24. Bxd7 Bxf4 25. Bg4 Rge8 26.
Qd3 Be5 27. Bf3 g6 28. Rf1 Kg7 29. Nd1 Qc5 30. c3 a5 31. Ne3 Bf4 32. Nd5 Bxd5 33.
exd5 Rxe2 34. Bxe2 Be5 35. Qxb5 Qe3 36. Qd3 Qh6 37. b4 Qxh2# 0-1

[Event "*** Titled Tuesday Blitz"]
[Site "Chess.com"]
[Date "2020.11.03"]
[Round "10"]
[White "hansen"]
[Black "Artyom_ChessMate"]
[Result "1-0"]
[WhiteElo "2915"]
[BlackElo "2570"]
[TimeControl "180+1"]
[EndTime "11:58:36 PST"]
[Termination "hansen won on time"]

1. e4 c5 2. Nf3 d6 3. Bc4 Nf6 4. d3 g6 5. O-O Bg7 6. h3 O-O 7.
Re1 Nc6 8. Nc3 a6 9. a3 b5 10.
Ba2 Bb7 11. Bg5 Rc8 12. Qd2 Nd4 13. Nxd4 cxd4 14. Ne2 Qc7 15. Rac1 e5 16. c3 dxc3 17. Nxc3 Qb6 18. Bxf6 Bxf6 19. Bd5 Kg7 20. Bxb7 Qxb7 21. Nd5 Rxc1 22. Rxc1 Rc8 23. Rf1 Qc6 24. b4 Qc2 25. Qe3 Bd8 26. f4 f6 27. Qa7+ Kg8 28. Qxa6 Qc6 29. Qa7 Ra8 30. Ne7+ Bxe7 31. Qxe7 Qb6+ 32.
Kh2 Qd8 33. Qb7 Rxa3 34. Rc1 Ra8 35. Rc7 Qf8 36. Qd5+ Kh8 37. Rf7 Qg8 38. Qe6 Rf8 39. Qxf6+ 1-0

[Event "*** Titled Tuesday Blitz"]
[Site "Chess.com"]
[Date "2020.11.03"]
[Round "10"]
[White "Everyfishknows"]
[Black "Eloist"]
[Result "1-0"]
[WhiteElo "2401"]
[BlackElo "2266"]
[TimeControl "180+1"]
[EndTime "11:58:36 PST"]
[Termination "Everyfishknows won by resignation"]

1. Nf3 Nf6 2. c4 e6 3. g3 b6 4. Bg2 Bb7 5. O-O Be7 6. b3 O-O 7. Bb2 c5 8. e3 d5 9. Nc3 dxc4 10. bxc4 Nc6 11. Qe2 a6 12. a4 Qc7 13.
Rad1 Rfd8 14. Ne1 Nb4 15. f4 Bxg2 16. Qxg2 Qc6 17. Qxc6 Nxc6 18. Nf3 Ne8 19. Kf2 Nd6 20. d3 h5 21. Ke2 Rab8 22. Ba3 Nf5 23. Rb1 Nb4 24.
Bxb4 cxb4 25. Ne4 Nd6 26. Ned2 Nb7 27. Nb3 Nc5 28. Nxc5 bxc5 29. Nd2 Rd7 30. Nb3 Rbd8 31. Rbd1 f5 32. e4 fxe4 33. dxe4 Rxd1 34. Rxd1 Rxd1 35.
Kxd1 g5 36. fxg5 Bxg5 37. Nxc5 Kf7 38. Nxa6 b3 39. Nc5 Kf6 40. Nxb3 Ke5 41. a5 Kxe4 42.
a6 Be3 43. c5 1-0

[Event "*** Titled Tuesday Blitz"]
[Site "Chess.com"]
[Date "2020.11.03"]
[Round "10"]
[White "MYMChessAcademy"]
[Black "Michaelson_11"]
[Result "0-1"]
[WhiteElo "2051"]
[BlackElo "2147"]
[TimeControl "180+1"]
[EndTime "11:58:36 PST"]
[Termination "Michaelson_11 won by checkmate"]

1. e4 c5 2. Nf3 Nc6 3. d4 cxd4 4. Nxd4 g6 5. Nc3 Bg7 6. Be3 Nf6 7. Be2 O-O 8. O-O d6 9. f4 d5 10. exd5 Nxd5 11.
Nxd5 Qxd5 12. Nxc6 Qxc6 13. Bf3 Qe6 14. Bd4 Rd8 15. c3 Bxd4+ 16. cxd4 Bd7 17. Re1 Qd6 18. g3 Be6 19. d5 Bd7 20. b3 Rac8 21. Qe2 Rc3 22.
Kg2 Kf8 23. Qb2 Rdc8 24. Rac1 Qf6 25. Rxc3 Rxc3 26. Qf2 Bf5 27. g4 Bd3 28. Qxa7 Qxf4 29. Qa8+ Kg7 30. Qxb7 Rc2+ 31. Kg1 Qxf3 32. Qxe7 Qg2# 0-1

[Event "*** Titled Tuesday Blitz"]
[Site "Chess.com"]
[Date "2020.11.03"]
[Round "10"]
[White "AliKa2810"]
[Black "Das_Virus_2020"]
[Result "1-0"]
[WhiteElo "2566"]
[BlackElo "2421"]
[TimeControl "180+1"]
[EndTime "11:58:37 PST"]
[Termination "AliKa2810 won by resignation"]

1. c4 Nf6 2. Nc3 c5 3. g3 e6 4. Bg2 d6 5. Nf3 a6 6. O-O Be7 7. d4 cxd4 8. Nxd4 Nbd7 9. b3 Qc7 10.
Bb2 Ne5 11. Qd2 Bd7 12. Rac1 O-O 13. f4 Ng6 14. h3 Rac8 15. f5 Ne5 16. g4 h6 17. Rf2 Qb6 18. e3 Rfd8 19. Rcf1 Qa7 20. Kh1 b5 21. fxe6 fxe6 22. cxb5 axb5 23. Ndxb5 Qb6 24. Nd4 Nc6 25. Rxf6 gxf6 26. Ne4 Ne5 27. Nxf6+ Bxf6 28. Rxf6 Kg7 29. Rxe6 Rf8 30. Rxd6 Qc5 31. Rxd7+ 1-0

[Event "*** Titled Tuesday Blitz"]
[Site "Chess.com"]
[Date "2020.11.03"]
[Round "10"]
[White "Dinamo3"]
[Black "Jenia84"]
[Result "0-1"]
[WhiteElo "2408"]
[BlackElo "2336"]
[TimeControl "180+1"]
[EndTime "11:58:38 PST"]
[Termination "Jenia84 won by resignation"]

1. e4 e5 2. Nf3 Nc6 3. Bc4 Bc5 4. O-O Nf6 5. d3 O-O 6. Bb3 d5 7. exd5 Nxd5 8. h3 h6 9. Re1 Re8 10. Nbd2 Bf5 11. Nc4 e4 12. dxe4 Rxe4 13. Rxe4 Bxe4 14. Qe2 Bxf3 15. Qxf3 Nd4 16. Qd3 Qf6 17. Ne3 Nf4 18. Qe4 Nfe2+ 19. Kh2 Bd6+ 20. Kh1 Qxf2 21. Nf5 0-1

[Event "*** Titled Tuesday Blitz"]
[Site "Chess.com"]
[Date "2020.11.03"]
[Round "10"]
[White "Kaslask"]
[Black "keepitcoming"]
[Result "1-0"]
[WhiteElo "2310"]
[BlackElo "2495"]
[TimeControl "180+1"]
[EndTime "11:58:38 PST"]
[Termination "Kaslask won by resignation"]

1. d4 d5 2. c4 e6 3. Nc3 c6 4. e3 Nf6 5. Qc2 Bd6 6. Nf3 O-O 7. b3 a6 8. Be2 Nbd7 9. O-O b5 10. e4 dxe4 11. Nxe4 Be7 12. Bf4 c5 13. Nd6 cxd4 14. Nxd4 Bxd6 15. Bxd6 Re8 16. c5 Ne5 17. f4 Ng6 18.
Bf3 Ra7 19. Nc6 Qd7 20. Na5 Nd5 21. f5 Ne3 22. Qd3 Nxf5 23. Bc6 Qd8 24. Bxe8 Qxe8 25. Rae1 Rd7 26. Rxf5 Nh4 27. Rf2 g6 28. Qd4 Nf5 29. Qe5 f6 30. Qxf6 Nxd6 31. cxd6 Rxd6 32. Ref1 Bd7 33.
Nb7 Rd3 34. Nd8 Bc6 35. Qf8+ Qxf8 36. Rxf8+ Kg7 1-0

[Event "*** Titled Tuesday Blitz"]
[Site "Chess.com"]
[Date "2020.11.03"]
[Round "10"]
[White "UCantHandleDenker"]
[Black "goldenpuppy"]
[Result "0-1"]
[WhiteElo "2471"]
[BlackElo "2379"]
[TimeControl "180+1"]
[EndTime "11:58:39 PST"]
[Termination "goldenpuppy won by resignation"]

1. Nf3 c5 2. g3 Nc6 3. Bg2 e5 4. d3 d6 5. c4 g6 6. O-O Bg7 7. Nc3 Nge7 8. a3 O-O 9. Rb1 a5 10. Bg5 f6 11. Bd2 Be6 12. Ne1 h6 13. Nc2 f5 14.
Ne3 f4 15. Ned5 g5 16. b4 axb4 17. axb4 cxb4 18. Nxb4 Nxb4 19. Rxb4 d5 20. cxd5 Nxd5 21. Nxd5 Bxd5 22. Bxd5+ Qxd5 23. Qb3 Qxb3 24. Rxb3 Rf7 25. Rfb1 Ra7 26. Bc3 Rc7 27. Kg2 Ra2 28. Kf1 Rc2 29.
Be1 fxg3 30. hxg3 h5 31. Rxb7 Rc1 32. Rxc7 Rxb1 33. f3 h4 34. gxh4 gxh4 35. Rc4 Bf6 36.
Rg4+ Kf7 37. Rg1 h3 38. Rh1 Bh4 39. Rxh3 Bxe1 40. e3 Ba5+ 41. Ke2 Rb2+ 42. Kf1 Bb6 43. d4 exd4 44. exd4 Bxd4 45. Rh4 Bb6 46. Ke1 Bf2+ 47. Kd1 Bxh4 0-1

[Event "*** Titled Tuesday Blitz"]
[Site "Chess.com"]
[Date "2020.11.03"]
[Round "10"]
[White "RD4ever"]
[Black "frederiksvane"]
[Result "1-0"]
[WhiteElo "2838"]
[BlackElo "2647"]
[TimeControl "180+1"]
[EndTime "11:58:40 PST"]
[Termination "RD4ever won by resignation"]

1. d4 Nf6 2. c4 e6 3. Nf3 b6 4. a3 Bb7 5. Bf4 d5 6. cxd5 Nxd5 7. Bg3 Be7 8. e4 Nf6 9. e5 Nd5 10. Bd3 O-O 11. Nbd2 Ba6 12. Ne4 Bxd3 13. Qxd3 Nd7 14.
h4 h6 15. O-O c5 16. Rfd1 cxd4 17. Qxd4 Nc5 18. Nxc5 Bxc5 19. Qg4 Qe8 20. Nd2 Qb5 21. b4 Be7 22. Ne4 Rac8 23. Rd4 Rc4 24. Rxc4 Qxc4 25. Nf6+ Nxf6 26. Qxc4 Nd5 27. Qa6 1-0

[Event "*** Titled Tuesday Blitz"]
[Site "Chess.com"]
[Date "2020.11.03"]
[Round "10"]
[White "Sergey85Rodchenkov"]
[Black "ClydeHillKid"]
[Result "1-0"]
[WhiteElo "2451"]
[BlackElo "2352"]
[TimeControl "180+1"]
[EndTime "11:58:40 PST"]
[Termination "Sergey85Rodchenkov won by checkmate"]

1. e4 e6 2. d4 d5 3. Nd2 Nf6 4. e5 Nfd7 5. Qg4 c5 6. c3 Nc6 7.
Bd3 Ndxe5 8. dxe5 Nxe5 9. Qh3 c4 10. Bc2 Bc5 11. Ne2 Qf6 12. O-O h5 13. Nd4 Ng4 14. Qf3 Bxd4 15. cxd4 Qxd4 16. h3 Ne5 17. Qe2 Bd7 18.
Re1 Nc6 19. Nf3 Qc5 20. Bf4 O-O-O 21. Rad1 f6 22. Bg6 e5 23. Bh2 Ne7 24. Bf7 e4 25. Rxd5 Nxd5 26. Qxe4 Nc7 27. Qf4 Rhf8 28. Bxh5 g5 29. Qg3 Qc6 30. Rc1 b5 31. b3 Kb7 32.
bxc4 bxc4 33. Rb1+ Kc8 34. Nd4 Qc5 35. Bf3 Bc6 36. Qxc7# 1-0

[Event "*** Titled Tuesday Blitz"]
[Site "Chess.com"]
[Date "2020.11.03"]
[Round "10"]
[White "CraiggoryC"]
[Black "grandcoach"]
[Result "1/2-1/2"]
[WhiteElo "2271"]
[BlackElo "2083"]
[TimeControl "180+1"]
[EndTime "11:58:45 PST"]
[Termination "Game drawn by repetition"]

1. e4 c5 2. Nf3 Nc6 3. d4 cxd4 4. Nxd4 e5 5. Nb5 d6 6. c4 Be7 7. N1c3 f5 8. exf5 Bxf5 9. Bd3 Be6 10. O-O a6 11.
Na3 Nf6 12. Nc2 O-O 13. Ne3 Nd4 14. f4 Rc8 15. Kh1 Kh8 16. b3 b5 17. Ncd5 bxc4 18. Bxc4 Ne4 19. Bb2 Bf6 20. Nxf6 Qxf6 21. fxe5 Ng3+ 22.
hxg3 Qh6+ 23. Kg1 Qxe3+ 24. Kh2 Qh6+ 25. Kg1 Qe3+ 26. Kh2 Qh6+ 27. Kg1 Qe3+ 1/2-1/2

[Event "*** Titled Tuesday Blitz"]
[Site "Chess.com"]
[Date "2020.11.03"]
[Round "10"]
[White "Zarikovs1999"]
[Black "brunomorado"]
[Result "1-0"]
[WhiteElo "2370"]
[BlackElo "2435"]
[TimeControl "180+1"]
[EndTime "11:58:47 PST"]
[Termination "Zarikovs1999 won by resignation"]

1. e4 c5 2. Nf3 Nc6 3. d4 cxd4 4. Nxd4 e5 5. Nb5 d6 6. N1c3 a6 7. Na3 b5 8. Nd5 Nce7 9. c4 Nxd5 10. exd5 bxc4 11. Bxc4 f5 12. O-O Nf6 13. Qe2 Be7 14. b3 O-O 15. Bb2 Qe8 16. Nc2 f4 17. Bxe5 dxe5 18. d6+ Kh8 19. dxe7 Qxe7 20. Rfe1 e4 21. Rad1 Bg4 22. f3 Qc5+ 23. Nd4 Rad8 24. Qf2 e3 25. Qb2 Bc8 26. Ne2 Rd2 27. Qc3 Rfd8 28. Rc1 Qg5 29. Kh1 Bb7 30. Qb4 Ba8 31. Qe7 Qh5 32. Nxf4 Qxf3 33. gxf3 Bxf3+ 34. Kg1 1-0

[Event "*** Titled Tuesday Blitz"]
[Site "Chess.com"]
[Date "2020.11.03"]
[Round "10"]
[White "Chuchofrio1"]
[Black "Atousa1"]
[Result "0-1"]
[WhiteElo "2341"]
[BlackElo "2425"]
[TimeControl "180+1"]
[EndTime "11:58:47 PST"]
[Termination "Atousa1 won by resignation"]

1. e4 e5 2. Nf3 Nf6 3. Nc3 Nc6 4. Bc4 Bc5 5. O-O d6 6. d3 h6 7. Be3 O-O 8. h3 Re8 9. a3 a6 10. b4 Ba7 11. Bxa7 Rxa7 12. Re1 Ra8 13. d4 exd4 14.
Nxd4 Ne5 15. Bb3 c5 16. Nf3 c4 17. Ba2 b5 18. Nxe5 dxe5 19. a4 Bd7 20. Bb1 Qe7 21.
axb5 axb5 22. Rxa8 Rxa8 23. Nd5 Nxd5 24. Qxd5 Ra1 25.
c3 g6 26. Rd1 Be8 27. Bc2 Ra3 28. Qd2 Qg5 29. Qe1 Kg7 30. Rd5 Bc6 31. Rd6 Be8 32. Rd5 Ra2 33. Rd2 Bc6 34. Kf1 Qf4 35. f3 Bxe4 36. Qxe4 Qxd2 37. Qxe5+ Kh7 38. Bxg6+ Kxg6 39.
Qe4+ Kf6 40. Qc6+ Kg7 0-1

[Event "*** Titled Tuesday Blitz"]
[Site "Chess.com"]
[Date "2020.11.03"]
[Round "10"]
[White "pedroholly22"]
[Black "Balla_Tamas"]
[Result "1-0"]
[WhiteElo "2394"]
[BlackElo "2481"]
[TimeControl "180+1"]
[EndTime "11:58:52 PST"]
[Termination "pedroholly22 won by resignation"]

1. d4 f5 2. Nf3 Nf6 3. g3 e6 4. Bg2 d5 5. O-O Bd6 6. b3 Qe7 7. c4 c6 8. a4 a5 9. Ba3 Bxa3 10. Nxa3 b6 11. Qc1 Bb7 12. Ne5 Nfd7 13. Nxd7 Nxd7 14.
Nc2 dxc4 15. bxc4 e5 16. Qa3 e4 17. Qxe7+ Kxe7 18. Rab1 Ba6 19. Ne3 g6 20. f3 exf3 21.
Bxf3 Kd6 22. c5+ bxc5 23. dxc5+ Nxc5 24. Rfd1+ Ke7 25. Rdc1 Ne4 26. Bxe4 fxe4 27. Rxc6 Rhc8 28. Nd5+ Kf7 29. Rc7+ Ke6 30. Nf4+ Ke5 31. Rxh7 Rc2 32. Rg7 Bxe2 33. Nxe2 Rxe2 34. Rxg6 Rd8 35. Rb5+ Kd4 36. Rxa5 Ke3 37. Rf6 Rd1+ 38. Rf1 Rdd2 39. Rh5 Rg2+ 40. Kh1 Ra2 41. a5 Rgf2 42. Re1+ Rfe2 43. Rxe2+ Kxe2 44. Rf5 e3 45. g4 Kd1 46. Rd5+ Rd2 47. Re5 e2 48. g5 Rd5 49. Rxd5+ Kc2 50. Re5 1-0

[Event "*** Titled Tuesday Blitz"]
[Site "Chess.com"]
[Date "2020.11.03"]
[Round "10"]
[White "Ladislav1969"]
[Black "Omk124"]
[Result "0-1"]
[WhiteElo "2341"]
[BlackElo "2424"]
[TimeControl "180+1"]
[EndTime "11:58:53 PST"]
[Termination "Omk124 won by resignation"]

1. e4 g6 2. d4 Bg7 3. Nc3 c6 4. f4 d5 5. e5 Nh6 6. Nf3 O-O 7.
Bd3 f6 8. Ne2 Bg4 9. O-O Nd7 10.
h3 Bxf3 11. Rxf3 fxe5 12. dxe5 e6 13. c3 Qe7 14. Be3 Nf5 15. Qd2 Nxe3 16. Qxe3 b6 17. Raf1 Rf7 18. Nd4 c5 19. Nb5 c4 20. Bc2 Nc5 21.
Nd6 Rff8 22. g4 Rad8 23. Kg2 Bh6 24. Qd4 Bg7 25. Re1 Qh4 26. Re2 Rxd6 27. f5 gxf5 28. gxf5 Ne4 29. Bxe4 dxe4 30. Qxe4 Qxe4 31. Rxe4 Rd2+ 32.
Kg3 Rxf5 33. Rxf5 exf5 34. Rxc4 Bxe5+ 35. Kf3 Rxb2 36. Rc8+ Kf7 37. Ra8 Rxa2 0-1

[Event "*** Titled Tuesday Blitz"]
[Site "Chess.com"]
[Date "2020.11.03"]
[Round "10"]
[White "kuban1991"]
[Black "DenLaz"]
[Result "0-1"]
[WhiteElo "2886"]
[BlackElo "2752"]
[TimeControl "180+1"]
[EndTime "11:58:55 PST"]
[Termination "DenLaz won on time"]

1. Nf3 d5 2. g3 c6 3. Bg2 Bf5 4. O-O e6 5. c4 dxc4 6. Nc3 Nd7 7. b3 cxb3 8. axb3 Ngf6 9. d3 Be7 10. Nh4 O-O 11.
Nxf5 exf5 12. Bb2 Re8 13. Qc2 Nb6 14. Rfd1 Nfd5 15. Nxd5 Nxd5 16. e4 Nf6 17. exf5 Qd7 18. Be4 a6 19. Qc3 Rad8 20. h3 Bf8 21. Qc2 Qe7 22.
Re1 Qd6 23. Kg2 Nxe4 24. dxe4 Qd3 25. Qc4 Qxc4 26. bxc4 Rd2 27. Ba3 Rd4 28. Bxf8 Kxf8 29. Reb1 Re7 30. f3 Rxc4 31. g4 Rc5 32. Kg3 Rd7 33. g5 Ke7 34. h4 Rb5 35. Rxb5 axb5 36. Rb1 Rd4 37. Kf4 b4 38. Ke5 c5 39. f6+ gxf6+ 40.
gxf6+ Kd7 41. f4 Rd3 42. Kf5 b3 43. e5 c4 44. Ke4 Rd2 45. f5 b2 46. Rg1 c3 47. e6+ fxe6 0-1

[Event "*** Titled Tuesday Blitz"]
[Site "Chess.com"]
[Date "2020.11.03"]
[Round "10"]
[White "dopolian"]
[Black "Alindsay211"]
[Result "0-1"]
[WhiteElo "2354"]
[BlackElo "2453"]
[TimeControl "180+1"]
[EndTime "11:58:57 PST"]
[Termination "Alindsay211 won by resignation"]

1. e4 c5 2. Nf3 d6 3. d4 cxd4 4. Nxd4 Nf6 5. Nc3 g6 6. Be3 Bg7 7. f3 Nc6 8. Qd2 O-O 9. g4 Be6 10. O-O-O Nd7 11. h4 Qa5 12. a3 Rfc8 13. h5 g5 14. h6 Bxd4 15. Bxd4 Nxd4 16. Qxd4 Qe5 17. Qe3 Rc5 18. Bd3 Rac8 19. Ne2 f6 20. f4 gxf4 21. Nxf4 Bf7 22. Kb1 b5 23. Rhg1 Kh8 24. Qf3 Nb6 25. g5 Na4 26. c3 Rxc3 27. Qf2 Rc2 28. Qxc2 Rxc2 0-1

[Event "*** Titled Tuesday Blitz"]
[Site "Chess.com"]
[Date "2020.11.03"]
[Round "10"]
[White "davigator"]
[Black "redbaron8888"]
[Result "0-1"]
[WhiteElo "2389"]
[BlackElo "2549"]
[TimeControl "180+1"]
[EndTime "11:58:58 PST"]
[Termination "redbaron8888 won by resignation"]

1. e4 c5 2. Nf3 d6 3. d4 cxd4 4. Nxd4 Nf6 5. Nc3 a6 6. Bg5 e6 7. f4 Qc7 8. Qe2 b5 9. g4 b4 10. Nd1 Bb7 11. Bg2 Nbd7 12. Nf2 Be7 13. O-O-O h6 14.
Bxf6 Bxf6 15. h4 g5 16. hxg5 hxg5 17. Rxh8+ Bxh8 18. f5 Nc5 19. Qd2 Rc8 20. Kb1 Bf6 21. Rc1 Qb6 22. Rd1 Na4 23. Nb3 Ke7 24. e5 Bxe5 25.
Qxg5+ Bf6 26. Bxb7 Rxc2 27. Kxc2 Bxg5 28. Ne4 Qxb7 29. Nxg5 Qg2+ 30. Rd2 Qxg4 31. Nxe6 fxe6 32. fxe6 Qc4+ 33. Kb1 Qe4+ 34. Kc1 Qxe6 35. Kd1 Qg4+ 36.
Kc2 Nc5 37. Nd4 Qg6+ 38. Kd1 Qb1+ 39. Ke2 Qxa2 40. b3 Qb1 41. Nc6+ Kd7 42. Nd4 Nxb3 0-1

[Event "*** Titled Tuesday Blitz"]
[Site "Chess.com"]
[Date "2020.11.03"]
[Round "10"]
[White "kleopl"]
[Black "MaxLeto"]
[Result "1-0"]
[WhiteElo "2448"]
[BlackElo "2348"]
[TimeControl "180+1"]
[EndTime "11:59:04 PST"]
[Termination "kleopl won on time"]

1. c4 e5 2. Nc3 Nc6 3. Nf3 Nf6 4. e4 Bc5 5. Nxe5 Nxe5 6. d4 Bb4 7.
dxe5 Nxe4 8. Qf3 Bxc3+ 9. bxc3 Ng5 10. Qg3 Ne6 11. f4 f5 12. Bd3 O-O 13. O-O Qe7 14. a4 Qf7 15. Ba3 Re8 16. a5 b6 17.
axb6 axb6 18. Bb4 Bb7 19. h3 Qg6 20. Qxg6 hxg6 21. g3 Kf7 22. Kf2 Rh8 23. h4 Bc6 24. Ke3 Rhe8 25. h5 gxh5 26. Bxf5 g6 27. Bd3 Rxa1 28.
Rxa1 Ra8 29. Rf1 Ra2 30. f5 gxf5 31. Rxf5+ Kg7 32. Rxh5 Rg2 33. Rh7+ Kg8 34. Rh3 Ng5 35. Rh6 Rxg3+ 36. Kd2 Ne6 37. Be7 Kg7 38. Rh7+ Kg8 39. Rh6 Kg7 40. Rh7+ Kg8 41. Rh4 Rg2+ 42. Ke1 Rg3 43. Bf5 Rxc3 44. Bf6 Kf7 45. Rh7+ Kf8 46. Bg6 1-0

[Event "*** Titled Tuesday Blitz"]
[Site "Chess.com"]
[Date "2020.11.03"]
[Round "10"]
[White "Igor_Lysyj"]
[Black "Kildepiotr"]
[Result "1/2-1/2"]
[WhiteElo "2834"]
[BlackElo "2684"]
[TimeControl "180+1"]
[EndTime "11:59:06 PST"]
[Termination "Game drawn by repetition"]

1. d4 c5 2. d5 e5 3. c4 d6 4. Nc3 Be7 5. e4 Bg5 6. Nf3 Bxc1 7. Qxc1 Ne7 8. Qe3 O-O 9. g3 h6 10. h4 f5 11. Bh3 f4 12. Qe2 Bxh3 13. Rxh3 Nd7 14. O-O-O a6 15. Rg1 b5 16. Nd2 Kh8 17. g4 g6 18. h5 g5 19. cxb5 axb5 20. Qxb5 Qc7 21. Qe2 Rfb8 22. Kb1 Rb4 23. Ka1 Nb6 24.
Rb1 Na4 25. b3 Nxc3 26. Rxc3 Nc8 27. Nc4 Nb6 28. Nxb6 Qxb6 29. Rb2 Ra3 30. Kb1 Kg7 31. f3 Kf6 32. Rc4 Ra7 33. Qd3 Ke7 34. Qc3 Rxc4 35. Qxc4 Qa5 36. b4 Qa4 37. Qc2 cxb4 38. Qxa4 Rxa4 39. Rb3 Kd7 40. Kb2 Kc7 41. a3 Rxa3 42.
Rxa3 bxa3+ 43. Kxa3 Kb6 44. Kb4 Ka6 45. Ka4 Kb6 46.
Kb4 Ka6 47. Ka4 Kb6 48. Kb4 1/2-1/2